 Dungeon Crawl Stone Soup version 0.28-a0-1182-g381e24db82 (webtiles) character file.

Game seed: 3923094807384258221

448 ducksouse the Covered (level 6, -15/56 HPs)
             Began as a Minotaur Fighter on Dec 16, 2021.
             Demolished by a two-headed ogre (17 damage)
             ... on level 4 of the Dungeon.
             The game lasted 00:04:53 (3390 turns).

ducksouse the Covered (Minotaur Fighter)            Turns: 3390, Time: 00:04:54

Health: -15/56     AC:  8    Str: 20    XL:     6   Next: 73%
Magic:  5/5        EV: 10    Int:  5    God:
Gold:   225        SH:  5    Dex: 12    Spells: 5/5 levels left

rFire   . . .      SeeInvis .   a - +0 long sword
rCold   . . .      Faith    .   c - +0 buckler
rNeg    . . .      Spirit   .   b - +0 scale mail
rPois   .          Reflect  .   (helmet restricted)
rElec   .          Harm     .   (no cloak)
rCorr   .          Rampage  .   (no gloves)
Will    .....                   k - +0 pair of boots
Stlth   ..........              (no amulet)
HPRegen 0.18/turn               (no ring)
MPRegen 0.09/turn               (no ring)

@: no status effects
A: horns 2, retaliatory headbutt
a: no special abilities


You were on level 4 of the Dungeon.
You visited 1 branch of the dungeon, and saw 4 of its levels.

You collected 225 gold pieces.

Inventory:

Hand Weapons
 a - a +0 long sword (weapon)
Missiles
 d - 23 poisoned darts (quivered)
Armour
 b - a +0 scale mail (worn)
 c - a +0 buckler (worn)
 k - a +0 pair of boots (worn)
Jewellery
 i - a ring of wizardry
 j - a ring of positive energy
Scrolls
 e - 2 scrolls of fear {unknown}
 f - 2 scrolls of magic mapping {unknown}
 h - 5 scrolls of identify {unknown}
 l - a scroll of vulnerability {unknown}
 q - a scroll of fog {unknown}
 r - a scroll of immolation {unknown}
Potions
 g - a potion of ambrosia {unknown}
 m - a potion of attraction {unknown}
 n - a potion of brilliance {unknown}
 o - 2 potions of cancellation {unknown}
 p - a potion of degeneration {unknown}


   Skills:
 + Level 5.2 Fighting
 + Level 5.4 Long Blades
 + Level 5.7 Armour
 + Level 1.2 Dodging
 + Level 0.6 Stealth
 + Level 4.5 Shields


You had 5 spell levels left.
You didn't know any spells.
Your spell library contained the following spells:

 Spells                   Type           Power      Damage    Failure   Level
 Summon Small Mammal      Summ           0%         N/A       80%         1
 Call Canine Familiar     Summ           0%         N/A       99%         3
 Summon Guardian Golem    Hex/Summ       0%         N/A       99%         3


Dungeon Overview and Level Annotations

Branches:
Dungeon (4/15)
 Temple: D:4-7

Altars:
Yredelemnul


Innate Abilities, Weirdness & Mutations

You have a pair of horns on your head.
You reflexively headbutt those who attack you in melee.


Message History

You barely miss the worm. You headbutt the worm.
The worm is lightly wounded.
You hit the worm but do no damage.
The worm is lightly wounded.
You slash the two-headed ogre!
The two-headed ogre is lightly wounded.
You hit the two-headed ogre but do no damage.
Your headbutt misses the two-headed ogre.
The two-headed ogre is lightly wounded.
The two-headed ogre hits you with a +0 giant spiked club!
The two-headed ogre hits you with a +0 giant spiked club!!
Ouch! That really hurt!
You are too injured to fight recklessly!
You are too injured to fight recklessly!
You are too injured to fight recklessly!
You are too injured to fight recklessly!
You hit the worm.
You headbutt the worm, but do no damage.
The worm is lightly wounded.
You block the two-headed ogre's attack.
The two-headed ogre hits you with a +0 giant spiked club!
* * * LOW HITPOINT WARNING * * *
You slash the worm!
The worm is severely wounded.
The worm bites you.
* * * LOW HITPOINT WARNING * * *
The two-headed ogre hits you but does no damage.
The two-headed ogre barely misses you.
You hit the worm but do no damage.
The worm is heavily wounded.
The worm barely misses you. You furiously retaliate!
You headbutt the worm!
The two-headed ogre barely misses you. x2
You barely miss the worm.
The worm is almost dead.
You hit the worm.
You kill the worm!
The two-headed ogre misses you. You furiously retaliate!
You headbutt the two-headed ogre.
The two-headed ogre hits you with a +0 giant spiked club!
You die...

#.# #.#######.#.
#.###...........
............###.#
#######.....# .
#.###.#.# #.#
#.#.# ###.###.#.#
..........#####
.......@.......
....##.)O.#####
..........#
....##..### ...
...# .. ..... .
.(#### #.. #..


You could see a two-headed ogre.

Vanquished Creatures
  A scorpion (D:4)
  2 howler monkeys (D:4)
  A hound (D:4)
  A jelly (D:4)
  Jessica (D:3)
  Terence (D:3)
  Natasha (thrice) (D:3)
  3 adders
  A river rat (D:3)
  4 worms
  A dart slug (D:4)
  6 orcs (D:3)
  4 ball pythons
  7 endoplasms
  4 giant cockroaches
  A goblin (D:4)
  6 hobgoblins
  3 jackals (D:4)
  4 quokkas
  5 bats
  A frilled lizard (D:1)
  11 kobolds
  6 rats
77 creatures vanquished.

Notes
Turn   | Place    | Note
-------+----------+-------------------------------------------
     0 | D:1      | ducksouse the Minotaur Fighter began the quest for the Orb.
     0 | D:1      | Reached XP level 1. HP: 19/19 MP: 0/0
    10 | D:1      | Found a faded altar of an unknown god.
   105 | D:1      | Reached XP level 2. HP: 26/27 MP: 1/1
   681 | D:2      | Found a basalt altar of Yredelemnul.
   869 | D:2      | Reached XP level 3. HP: 33/33 MP: 2/2
  1353 | D:3      | Noticed Natasha
  1358 | D:3      | Killed Natasha
  1385 | D:3      | Noticed Terence
  1398 | D:3      | Reached XP level 4. HP: 41/41 MP: 3/3
  1417 | D:3      | Killed Terence
  1779 | D:3      | Noticed Jessica
  1784 | D:3      | Killed Jessica
  1859 | D:3      | Reached XP level 5. HP: 43/47 MP: 4/4
  1866 | D:3      | Noticed Natasha
  1878 | D:3      | Killed Natasha
  2089 | D:3      | Reached skill level 5 in Armour
  2459 | D:3      | Noticed Natasha
  2465 | D:3      | Killed Natasha
  3078 | D:4      | Reached skill level 5 in Fighting
  3078 | D:4      | Reached skill level 1 in Dodging
  3078 | D:4      | Reached XP level 6. HP: 56/56 MP: 5/5
  3106 | D:4      | Reached skill level 5 in Long Blades
  3378 | D:4      | Noticed a two-headed ogre
  3386 | D:4      | HP: 2/56 [two-headed ogre (16)]
  3390 | D:4      | Demolished by a two-headed ogre

Illustrated notes

Levels and vault maps discovered:
D:1:      giann_bridges, layout_basic, basic_ecumenical_altar, dk_noncrumbling_4
D:2:      layout_loops_cross, basic_altar
D:3:      layout_loops_ring, gup_sewer_entry_bubbles, kennysheep_boxes,
          uniq_natasha, uniq_terence, uniq_jessica
D:4:      layout_loops_ring

Skill      XL: |  1  2  3  4  5  6 |
---------------+-------------------+-----
Armour         | 4 5 |  5.7
Fighting       | 4 5 |  5.2
Long Blades    | 3 4 5 |  5.4
Shields        | 4 |  4.5
Dodging        | 1 |  1.2
Stealth        | |  0.6

Action                   |  1- 3 |  4- 6 || total
-------------------------+-------+-------++-------
Melee: Long sword        |    64 |   152 ||   216
       Headbutt          |     9 |    30 ||    39
  Use: Potion            |       |     1 ||     1
Armor: Scale mail        |    40 |    66 ||   106
Dodge: Dodged            |    27 |    55 ||    82
Block: Buckler           |    15 |    27 ||    42

Table legend: (Time is in decaauts)
 A = Elapsed time spent in this place.
 B = Non-inter-level travel time spent in this place.
 C = Inter-level travel time spent in this place.
 D = Time resting spent in this place.
 E = Time spent auto-exploring this place.
 F = Levels seen in this place.
 G = Mean time per level.
                   A        B        C        D        E       F      G
               +--------+--------+--------+--------+--------+-----+--------+
         Total |   3473 |   3274 |    199 |    523 |   2197 |   4 |  868.2 |
       Dungeon |   3473 |   3274 |    199 |    523 |   2197 |   4 |  868.2 |
               +--------+--------+--------+--------+--------+-----+--------+

Top non-repeatable levels by time:
     D:3: 1594 daAuts
     D:2: 782 daAuts
     D:1: 587 daAuts
     D:4: 509 daAuts
